 Dungeon Crawl Stone Soup version bcrawl-1.12-10-g10a67aac0f (webtiles) character file.

Game seed: 1263548063477338345

12 MisterOstroum the Sneak (level 2, 0/19 HPs)
             Began as a Vampire Rogue on June 12, 2019.
             Slain by a bat (1 damage)
             ... on level 1 of the Dungeon.
             The game lasted 00:00:47 (347 turns).

MisterOstroum the Sneak (Vampire Rogue)              Turns: 347, Time: 00:00:47

Health: 0/19       AC:  3    Str: 14    XL:     2   Next: 20%
Magic:  3/3        EV: 11    Int: 11    God:
Gold:   16         SH:  0    Dex: 14    Spells: 1/1 levels left

rFire    . . .     SeeInvis +   a - +2 dagger
rCold    . . .     Gourm    .   (no shield)
rNeg     + . .     Faith    .   c - +0 robe
rPois    .         Spirit   .   (no helmet)
rElec    .         Reflect  .   d - +0 cloak
rCorr    .         Harm     .   (no gloves)
MR       .....                  (no boots)
Stlth    ++++......             (no amulet)
HPRegen  0.06/turn              (no ring)
MPRegen  0.08/turn              (no ring)

@: no status effects
A: claws 1, fangs 3, see invisible, unbreathing
a: no special abilities


You were on level 1 of the Dungeon.
You were not thirsty.

You visited 1 branch of the dungeon, and saw 1 of its levels.

You collected 16 gold pieces.

Inventory:

Hand Weapons
 a - a +2 dagger (weapon)
 b - a +0 blowgun
Missiles
 e - 170 poisoned needles
 i - 131 stones (quivered)
Armour
 c - a +0 robe (worn)
 d - a +0 cloak (worn)
Wands
 f - a wand of flame (15)
 g - a wand of enslavement (15)
Potions
 h - 3 potions of blood
 j - a potion of heal wounds {unknown}


   Skills:
 + Level 3.6 Short Blades
 - Level 1.5 Throwing
 - Level 6.4 Stealth
 - Level 2.0 Evocations


You had one spell level left.
You didn't know any spells.
Your spell library was empty.

Dungeon Overview and Level Annotations

Branches:
Dungeon (1/12)

Altars:


Innate Abilities, Weirdness & Mutations

You have sharp fingernails.
You have razor-sharp teeth.
You have supernaturally acute eyesight. (SInv)
You can survive without breathing.


Message History

You hit the ball python.
You kill the ball python!
No target in view!
You now have 16 gold pieces (gained 12).
i - 132 stones
j - a fuming white potion A hobgoblin comes into view.
It is wielding a +0 club.
Found a gold piece.
A hobgoblin is nearby!
The hobgoblin shouts!
A bat comes into view.
Found an escape hatch in the floor.
The hobgoblin hits you with a +0 club!
You barely miss the hobgoblin. The hobgoblin hits you with a +0 club.
You are too injured to fight recklessly!
You are too injured to fight recklessly!
You are too injured to fight recklessly!
You are too injured to fight recklessly!
You are too injured to fight recklessly!
You are too injured to fight recklessly!
You are too injured to fight recklessly!
You are too injured to fight recklessly!
You are too injured to fight recklessly!
You are too injured to fight recklessly!
You are too injured to fight recklessly!
You are too injured to fight recklessly!
You are too injured to fight recklessly!
You are too injured to fight recklessly!
You are too injured to fight recklessly!
Found 197 stones.
The bat hits you but does no damage. The bat closely misses you.
The bat barely misses you. The bat closely misses you.
The bat closely misses you. The bat hits you but does no damage.
The bat closely misses you. The bat barely misses you.
The bat barely misses you. The bat barely misses you.
The bat hits you but does no damage. The bat closely misses you.
The bat hits you but does no damage. The bat hits you.
The bat closely misses you. The bat hits you but does no damage.
The bat barely misses you. The bat misses you.
There is an open door here.
Which direction?
You close the door.
A hobgoblin opens the door.
There is an open door here.
You open the door. The bat barely misses you. The bat closely misses you.
There is an open door here.
The bat hits you but does no damage.
You open the door. The bat hits you but does no damage.
The bat completely misses you.
There is an open door here.
The bat hits you but does no damage.
There's a creature in the doorway!
You barely miss the bat. The bat hits you. The bat hits you but does no damage.
Wield which item (- for none, * to show all)? (? for menu, Esc to quit)
Okay, then.
Okay, then.
Throwing (i - inventory)
i - 132 stones (quivered)
Press: ? - help, Shift-Dir - straight line, f - hobgoblin
Aim: a hobgoblin, wielding a +0 club You throw a stone.
The stone barely misses the hobgoblin.
The bat hits you.
You hit the hobgoblin.
The hobgoblin is heavily wounded.
The bat barely misses you. The hobgoblin hits you with a +0 club.
You barely miss the hobgoblin.
The hobgoblin is heavily wounded.
The bat hits you but does no damage.
The hobgoblin hits you but does no damage.
You hit the hobgoblin.
The hobgoblin is severely wounded.
The bat hits you but does no damage. The bat hits you.
You barely miss the hobgoblin. Your bite misses the hobgoblin.
The hobgoblin is severely wounded.
The bat hits you but does no damage.
The hobgoblin hits you but does no damage.
The bat closely misses you.
You barely miss the hobgoblin.
The hobgoblin is severely wounded.
The bat hits you.
* * * LOW HITPOINT WARNING * * *
The bat hits you.
* * * LOW HITPOINT WARNING * * *
The hobgoblin closely misses you.
You barely miss the hobgoblin.
The hobgoblin is severely wounded.
The bat hits you.
* * * LOW HITPOINT WARNING * * *
The hobgoblin hits you with a +0 club.
* * * LOW HITPOINT WARNING * * *
You closely miss the hobgoblin.
The hobgoblin is severely wounded.
The bat hits you.
You die...

#.......# ######..^..#
#.......#####..........#####
#.....>....##.####.....#....
#.......##......##.....#....
#...........................
#.................##.###....
##...#.............##..##....
##........รท..###..............
#............@b#.....##.#.####
#............#g###...##.#.# #
#...........###..#.#..#b#.#
##.........###+#'####(#.#.#
##...#...##...#..<# ...#.#
#######.##.#+#'### #....#
....#...g..##..# >$..##
...........#'### .....#
.............# .#....


You could see a hobgoblin and a bat.

Vanquished Creatures
  A bat (D:1)
  A giant cockroach (D:1)
  4 jackals (D:1)
  3 ball pythons (D:1)
  A rat (D:1)
10 creatures vanquished.

Notes
Turn   | Place    | Note
-------+----------+-------------------------------------------
     0 | D:1      | MisterOstroum the Vampire Rogue began the quest for the
                  | Orb.
     0 | D:1      | Reached XP level 1. HP: 13/13 MP: 2/2
    43 | D:1      | Reached XP level 2. HP: 8/19 MP: 3/3
   347 | D:1      | Slain by a bat

Skill      XL: |  1 |
---------------+----+-----
Short Blades   | 3 |  3.6
Throwing       | |  1.5
Stealth        | |  6.4
Evocations     | |  2.0

Action                   || total
-------------------------++-------
Melee: Dagger            ||    37
       Bite              ||     5
Throw: Stone             ||     1
 Stab: Sleeping          ||     2
Armor: Robe              ||    26
Dodge: Dodged            ||    49
